 Dungeon Crawl Stone Soup version 0.28.0-43-g3370ac3207 (webtiles) character file.

Game seed: 4957631692670323347

105 crimpus the Bolt Thrower (level 5, -1/30 HPs)
             Began as a Kobold Arcane Marksman on Mar 27, 2022.
             Succumbed to a killer bee's poison
             ... on level 4 of the Dungeon.
             The game lasted 00:04:08 (2845 turns).

crimpus the Bolt Thrower (Kobold Arcane Marksman)   Turns: 2845, Time: 00:04:08

Health: -1/30      AC:  3    Str:  8    XL:     5   Next: 8%
Magic:  6/6        EV: 16    Int: 14    God:
Gold:   90         SH:  0    Dex: 23    Spells: 5/6 levels left

rFire   . . .      SeeInvis .   g - +2 short sword (vamp)
rCold   . . .      Faith    .   (no shield)
rNeg    . . .      Spirit   .   n - +1 robe of Dutoy {-Cast Rampage Stlth+}
rPois   .          Reflect  .   (no helmet)
rElec   .          Harm     .   (no cloak)
rCorr   .          Rampage  +   (no gloves)
Will    .....      NoCast   +   (no boots)
Stlth   ++++......              (no amulet)
HPRegen 0.10/turn               h - +6 ring of dexterity
MPRegen 0.10/turn               (no ring)

@: lethally poisoned (-1 -> -10)
A: small, no large weapons, nightstalker 3
a: no special abilities


You were on level 4 of the Dungeon.
You visited 1 branch of the dungeon, and saw 6 of its levels.

You collected 90 gold pieces.

Inventory:

Hand Weapons
 a - a +0 hand crossbow
 g - a +2 vampiric short sword (weapon)
Missiles
 c - a bolt
Armour
 d - a +0 robe
 j - a +0 kite shield
 n - the +1 robe of Dutoy (worn) {-Cast Rampage Stlth+}
   (You found it on level 3 of the Dungeon)

   -Cast:     It prevents spellcasting.
   Rampage:   It bestows one free step when moving towards enemies.
   Stlth:     It makes you more stealthy.
Jewellery
 h - a +6 ring of dexterity (left hand)
 l - a ring of protection from cold
Scrolls
 k - a scroll of fog
Potions
 b - a potion of lignification {unknown}
 e - a potion of degeneration {unknown}
 f - a potion of heal wounds {unknown}
 i - 2 potions of mutation {unknown}


   Skills:
 * Level 2.0 Fighting
 * Level 4.6 Crossbows
 * Level 3.2 Dodging
 * Level 1.8 Stealth
 - Level 1.1 Spellcasting
 - Level 3.0 Hexes


You had 5 spell levels left.
You knew the following spells:

 Your Spells              Type           Power      Damage    Failure   Level
a - Slow                  Hex            36%        N/A       8%          1

Your spell library contained the following spells:

 Spells                   Type           Power      Damage    Failure   Level
 Ensorcelled Hibernation  Hex/Ice        8%         N/A       22%         2
 Corpse Rot               Necr/Air       0%         N/A       36%         2
 Poisonous Vapours        Pois/Air       0%         N/A       36%         2
 Inner Flame              Hex/Fire       4%         N/A       38%         3
 Portal Projectile        Hex/Tloc       8%         N/A       38%         3
 Cause Fear               Hex            4%         N/A       58%         4
 Gell's Gravitas          Tloc           0%         N/A       61%         3
 Spider Form              Tmut/Pois      0%         N/A       61%         3
 Teleport Other           Tloc           0%         N/A       61%         3
 Anguish                  Hex/Necr       2%         N/A       80%         4
 Dispersal                Tloc           0%         N/A       100%        6


Dungeon Overview and Level Annotations

Branches:
Dungeon (6/15)
 Temple: D:4-7

Altars:
Cheibriados

Shops:
D:1 (


Innate Abilities, Weirdness & Mutations

You are small and have problems with some larger weapons.
You are completely attuned to the shadows.


Message History

You kill the worm!
You see here a worm corpse.
b - a murky orange potion No target in view!
No target in view!
k - a scroll of fog No target in view!
Found a stone staircase leading down.
No target in view!
You now have 90 gold pieces (gained 5).
A killer bee comes into view.
A killer bee comes into view.
A killer bee comes into view.
There are monsters nearby!
A killer bee comes into view.
The helpless killer bee fails to defend itself.
You hit the killer bee.
The killer bee is moderately wounded.
The killer bee stings you!
You are poisoned.
The killer bee poisons you! The killer bee stings you.
The killer bee buzzes angrily.
You hit the killer bee.
The killer bee is heavily wounded.
You feel very sick.
The killer bee buzzes angrily.
You hear an angry buzzing noise.
A killer bee comes into view.
The killer bee closely misses you. The killer bee stings you.
The killer bee completely misses you. The killer bee stings you.
* * * LOW HITPOINT WARNING * * *
You are lethally poisoned!
The killer bee poisons you!
The killer bee buzzes angrily.
You are too injured to fight recklessly!
* * * LOW HITPOINT WARNING * * *
You feel very sick. The killer bee barely misses you.
* * * LOW HITPOINT WARNING * * *
You feel very sick.
You die...

.###.#.#
.......#
######...#
.........#
#.###......#
#.###.#.##>#
.###.#...#....#
.....#.########
####.@.....
#.yyy#####.
#..y##.# #.#.
#.# . .. #.#
... ..#


You could see 4 killer bees.

Vanquished Creatures
  A hound (D:6)
  An adder (D:2)
  A shadow imp (D:6)
  2 worms
  An orc (D:3)
  6 ball pythons
  3 bats (D:1)
  3 endoplasms
  3 hobgoblins
  10 jackals
  5 kobolds
  A quokka (D:1)
  6 goblins
  5 rats
48 creatures vanquished.

Notes
Turn   | Place    | Note
-------+----------+-------------------------------------------
     0 | D:1      | crimpus the Kobold Arcane Marksman began the quest for the
                  | Orb.
     0 | D:1      | Reached XP level 1. HP: 12/12 MP: 2/2
    40 | D:1      | Found a faded altar of an unknown god.
   165 | D:1      | Reached XP level 2. HP: 10/16 MP: 3/3
   182 | D:1      | Reached skill level 1 in Stealth
   416 | D:1      | Reached skill level 3 in Crossbows
   644 | D:1      | Found Tiarr's Weapon Shop.
   904 | D:2      | Reached XP level 3. HP: 20/20 MP: 4/4
  1402 | D:2      | Reached XP level 4. HP: 15/25 MP: 5/5
  1813 | D:2      | Reached skill level 4 in Crossbows
  2110 | D:3      | Found a snail-covered altar of Cheibriados.
  2142 | D:3      | Identified the +1 robe of Dutoy {-Cast Rampage Stlth+}
  2219 | D:3      | You fall into a shaft and drop 3 floors!
  2299 | D:6      | Noticed an ogre
  2303 | D:6      | Reached XP level 5. HP: 22/30 MP: 6/6
  2333 | D:5      | Entered Level 5 of the Dungeon
  2338 | D:5      | Noticed a necrophage
  2844 | D:4      | HP: 1/30 [poisoned by a killer bee]
  2845 | D:4      | Succumbed to a killer bee's poison

Illustrated notes

Levels and vault maps discovered:
D:1:      lemuel_arrival_behind_the_door_small, layout_rooms,
          shapermc_ecumenical_altar_ellora, serial_shops,
          nicolae_shop_bloodbath_and_beyond
D:2:      layout_loops_corners, nicolae_elevator_lobby_asterisk
D:3:      layout_rooms, mainiacjoe_overflow_catwalk,
          grunt_temple_overflow_diamond
D:4:      layout_basic, temple_statues, uniq_pikel, uniq_pargi
D:5:      layout_loops_cross, minmay_manual_mess, uniq_crazy_yiuf_cottage
D:6:      layout_cave_pods, serial_shops, shop, minmay_crystal_room,
          st_stairs_14, amcnicky_mini_corridor_feature, uniq_maggie

Skill      XL: |  1  2  3  4 |
---------------+-------------+-----
Stealth        | 1 |  1.8
Crossbows      | 3 4 |  4.6
Dodging        | 3 |  3.2
Fighting       | 2 |  2.0
Spellcasting   | |  1.1
Hexes          | |  3.0

Action                   |  1- 3 |  4- 6 || total
-------------------------+-------+-------++-------
Melee: Short sword       |       |    16 ||    16
 Fire: Hand crossbow     |    85 |    27 ||   112
  Use: Scroll            |       |     4 ||     4
 Stab: Sleeping          |       |     2 ||     2
Armor: Robe              |     3 |       ||     3
Dodge: Dodged            |    37 |    23 ||    60
